 Dungeon Crawl Stone Soup version 0.30-a0-847-g17996783a1 (webtiles) character file.

Game seed: 4813928462341750529

168 Darius099 the Ruffian (level 5, -3/50 HPs)
             Began as a Troll Monk on Mar 4, 2023.
             Slain by Sigmund
             ... wielding a +0 scythe
              (9 damage)
             ... on level 2 of the Dungeon.
             The game lasted 00:01:21 (1311 turns).

Darius099 the Ruffian (Troll Monk)                  Turns: 1311, Time: 00:01:21

Health: -3/50      AC:  4    Str: 21    XL:     5   Next: 23%
Magic:  4/4        EV: 10    Int:  6    God:
Gold:   85         SH:  0    Dex: 12    Spells: 4/4 levels left

rFire   . . .      SeeInvis .      - Unarmed
rCold   . . .      Faith    .    (no shield)
rNeg    . . .      Spirit   .    a - +0 robe
rPois   .          Reflect  .    (helmet restricted)
rElec   .          Rampage  .    (no cloak)
rCorr   .                        (gloves unavailable)
Will    .....                    (boots unavailable)
Stlth   ++                       (no amulet)
HPRegen 1.08/turn                (no ring)
MPRegen 0.09/turn                (no ring)

@: no status effects
A: large, unfitting armour, claws 3, regeneration 1, shaggy fur 1, tough skin 1
a: no special abilities


You were on level 2 of the Dungeon.
You visited 1 branch of the dungeon, and saw 2 of its levels.

You collected 85 gold pieces.

Inventory:

Armour
 a - a +0 robe (worn)
Jewellery
 e - a ring of magical power
Wands
 l - a wand of roots (7)
Scrolls
 c - a scroll of identify {unknown}
 h - a scroll of teleportation {unknown}
 j - a scroll of fear {unknown}
Potions
 b - 2 potions of ambrosia
 d - 2 potions of resistance {unknown}
 f - a potion of heal wounds {unknown}
 g - a potion of degeneration {unknown}
 i - a potion of curing
 k - 2 potions of cancellation {unknown}


   Skills:
 - Level 2.4 Fighting
 - Level 2.4 Dodging
 - Level 1.0 Stealth
 + Level 6.0 Unarmed Combat


You had 4 spell levels left.
You didn't know any spells.
Your spell library was empty.

Dungeon Overview and Level Annotations

Branches:
Dungeon (2/15)

Altars:

Annotations:
D:2 Sigmund


Innate Abilities, Weirdness & Mutations

You are too large for most types of armour.
You have claws for hands.
Your natural rate of healing is unusually fast.
You are covered in fur. (AC +1)
You have tough skin. (AC +1)


Message History

Unknown command.
There is a strange disturbance nearby!
Unknown command.
There is a strange disturbance nearby!
Unknown command.
There is a strange disturbance nearby!
Unknown command.
There is a strange disturbance nearby!
Unknown command.
Unknown command.
Unknown command.
Unknown command.
Unknown command.
You feel sick.
Things that are here:
a +1 dagger of venom; a kobold corpse You feel sick.
You hear some strange, mumbled words.
You are confused.
You bump into the rock wall.
You feel sick. Something hits you!
You closely miss something.
You feel sick.
You are no longer poisoned.
You're too confused to move!
Something hits you!
* * * LOW HITPOINT WARNING * * *
You're too confused to move!
Something hits you.
* * * LOW HITPOINT WARNING * * *
You bump into the rock wall.
You bump into the rock wall.
Something completely misses you.
You feel less confused. Something hits you!
* * * LOW HITPOINT WARNING * * *
Things that are here:
a +1 dagger of venom; a kobold corpse You scratch something.
You hear some strange, mumbled words.
Something tries to affect you, but you resist.
You scratch something. Something hits you.
* * * LOW HITPOINT WARNING * * *
You scratch something. Something hits you!
You die...

#.# #.#
#.##.....###..###..##
.# #.###.###....#
#..# #..##
#.##.#.###...#
##.###..##
#.).###......#
#......## #
####.#.###...#
######.# # #.# #...#
##.## # #># ...####
##...# #
#####.####......#
##..... #
#..<...)@{†..#
###...... #
.!.#....####.##
......... # #....# .#
###...... # #.#### #
##..... # #.# ##..÷#
# #.# ##... #.# ####
#.# #.#


There were no monsters in sight!

Vanquished Creatures
  Jessica (D:2)
  Natasha (thrice) (D:2)
  2 adders (D:2)
  3 worms (D:2)
  A dart slug (D:2)
  3 endoplasms (D:1)
  6 hobgoblins
  6 jackals
  4 kobolds
  A quokka (D:1)
  2 ball pythons
  4 bats
  2 goblins
  2 rats (D:1)
40 creatures vanquished.

Notes
Turn   | Place    | Note
-------+----------+-------------------------------------------
     0 | D:1      | Darius099 the Troll Monk began the quest for the Orb.
     0 | D:1      | Reached XP level 1. HP: 22/22 MP: 0/0
    78 | D:1      | Reached XP level 2. HP: 29/29 MP: 1/1
   374 | D:1      | Reached skill level 4 in Unarmed Combat
   804 | D:2      | Reached XP level 3. HP: 33/36 MP: 2/2
   839 | D:2      | Noticed Natasha
   851 | D:2      | Killed Natasha
   949 | D:2      | Reached XP level 4. HP: 36/44 MP: 3/3
   981 | D:2      | Reached skill level 5 in Unarmed Combat
  1031 | D:2      | Noticed Natasha
  1039 | D:2      | Killed Natasha
  1145 | D:2      | Noticed Jessica
  1149 | D:2      | Killed Jessica
  1247 | D:2      | Noticed Natasha
  1255 | D:2      | Killed Natasha
  1256 | D:2      | Reached XP level 5. HP: 41/50 MP: 4/4
  1261 | D:2      | Reached skill level 6 in Unarmed Combat
  1286 | D:2      | Noticed Sigmund
  1311 | D:2      | Slain by Sigmund

Illustrated notes

Levels and vault maps discovered:
D:1:      eino_arrival_tree_alley, layout_basic
D:2:      layout_loops_ring, minmay_fountain_box, uniq_sigmund, uniq_jessica,
          uniq_natasha

Skill      XL: |  1  2  3  4  5 |
---------------+----------------+-----
Unarmed Combat | 4 5 6 |  6.0
Fighting       | |  2.4
Dodging        | |  2.4
Stealth        | |  1.0

Action                     |  1- 3 |  4- 6 || total
---------------------------+-------+-------++-------
  Melee: Unarmed           |    78 |    34 ||   112
         Punch             |     1 |       ||     1
   Stab: Sleeping          |     3 |       ||     3
 Armour: Robe              |    17 |     8 ||    25
  Dodge: Dodged            |    39 |     7 ||    46

Table legend: (Time is in decaauts)
 A = Elapsed time spent in this place.
 B = Non-inter-level travel time spent in this place.
 C = Inter-level travel time spent in this place.
 D = Time resting spent in this place.
 E = Time spent auto-exploring this place.
 F = Levels seen in this place.
 G = Mean time per level.
                   A        B        C        D        E       F      G
               +--------+--------+--------+--------+--------+-----+--------+
         Total |   1301 |   1254 |     47 |      3 |    997 |   2 |  650.5 |
       Dungeon |   1301 |   1254 |     47 |      3 |    997 |   2 |  650.5 |
               +--------+--------+--------+--------+--------+-----+--------+

Top non-repeatable levels by time:
     D:1: 753 daAuts
     D:2: 547 daAuts
